[Event "*** Titled Tuesday Blitz"]
[Site "Chess.com"]
[Date "2020.11.10"]
[Round "2"]
[White "LubovMarkelova"]
[Black "SerGo055"]
[Result "0-1"]
[WhiteElo "2223"]
[BlackElo "2441"]
[TimeControl "180+1"]
[EndTime "10:20:09 PST"]
[Termination "SerGo055 won on time"]

1. Nf3 Nf6 2. c4 c6 3. d4 d5 4. e3 Bf5 5. Nc3 e6 6. Nh4 Be4 7. f3 Bg6 8. Qb3 Qb6 9. g3 Qxb3 10. axb3 Bc2 11. c5 Bxb3 12. Bd3 Nbd7 13. Ra3 Bc4 14.
Bxc4 dxc4 15. e4 b5 16. cxb6 Bxa3 17. b7 Rb8 18. bxa3 Rxb7 19. O-O Rb3 20. Ne2 O-O 21. Ng2 c5 22. Ne3 cxd4 23. Nxd4 Rd3 24. Nc6 c3 25. Nxa7 Ne5 26. Nb5 Rc8 27. g4 c2 28. g5 Nfd7 29. f4 Ng6 30. a4 Nc5 31. f5 Nh4 32. fxe6 fxe6 33. Ng4 Nxa4 34. Ne5 Rd1 35. Na7 Rf8 0-1

[Event "*** Titled Tuesday Blitz"]
[Site "Chess.com"]
[Date "2020.11.10"]
[Round "2"]
[White "Matibar"]
[Black "WPWPWP-2015"]
[Result "1-0"]
[WhiteElo "2759"]
[BlackElo "2524"]
[TimeControl "180+1"]
[EndTime "10:20:11 PST"]
[Termination "Matibar won on time"]

1. e4 e5 2. Nf3 Nc6 3. Bb5 Nf6 4.
d3 d6 5. a4 Be7 6. h3 O-O 7.
O-O Nb8 8. Bc4 c6 9. Re1 Qc7 10. Nbd2 Nbd7 11. a5 Nc5 12. b4 Ne6 13. c3 Bd7 14.
Bb3 Rae8 15. Nf1 Kh8 16. Be3 c5 17. Ng3 Nf4 18. d4 cxd4 19. cxd4 Bb5 20. Qd2 b6 21.
axb6 axb6 22. Rec1 Qb8 23. Bxf4 exf4 24. Qxf4 Bd8 25.
Re1 Qb7 26. d5 Nd7 27. Nd4 Bd3 28. Qd2 Ne5 29. f4 Bf6 30. fxe5 Bxe5 31. Qxd3 Qe7 32. Nc6 Qf6 33. Nxe5 Rxe5 34. Rf1 Qg6 35. Nf5 Rfe8 36.
Rae1 h6 37. Bd1 Qg5 38. Bf3 Qf6 39. Bg4 g6 40. Nd4 Qg7 41. Nc6 1-0

[Event "*** Titled Tuesday Blitz"]
[Site "Chess.com"]
[Date "2020.11.10"]
[Round "2"]
[White "stolencandy13"]
[Black "salomez"]
[Result "0-1"]
[WhiteElo "2385"]
[BlackElo "2162"]
[TimeControl "180+1"]
[EndTime "10:20:12 PST"]
[Termination "salomez won on time"]

1. e4 c5 2. Nf3 e6 3. d4 cxd4 4.
Nxd4 Nf6 5. Nc3 Nc6 6. Nxc6 bxc6 7. Bd3 d5 8. O-O Bd6 9. Bg5 O-O 10. Qe2 h6 11. Bh4 Be7 12. Rad1 Rb8 13. b3 Bb7 14. Bg3 Rc8 15. Na4 c5 16. exd5 exd5 17. c4 Re8 18.
cxd5 Bf8 19. Qc2 Nxd5 20. Nc3 Qg5 21. Nxd5 Bxd5 22. Bf5 Rcd8 23. h4 Qf6 24. Bc7 Qxh4 25.
Bxd8 Rxd8 26. Be4 Bxe4 27. Qc4 Bd6 28. Rxd6 Rxd6 29. f3 Rd4 30. Qxc5 Bg6 31. Qxa7 Rd2 32. a4 Bd3 33. Rc1 Qg3 34. Qa8+ Kh7 35. f4 Qf2+ 36. Kh1 Qh4+ 37. Kg1 Qxf4 0-1

[Event "*** Titled Tuesday Blitz"]
[Site "Chess.com"]
[Date "2020.11.10"]
[Round "2"]
[White "capatl"]
[Black "Karateloru"]
[Result "0-1"]
[WhiteElo "2495"]
[BlackElo "2715"]
[TimeControl "180+1"]
[EndTime "10:20:13 PST"]
[Termination "Karateloru won by resignation"]

1. c4 e5 2. Nc3 Nc6 3. Nf3 f5 4. d3 Nf6 5. g3 Bb4 6. Bg2 Bxc3+ 7. bxc3 d6 8. O-O O-O 9. Rb1 Qe8 10. Nd2 b6 11. Nb3 Bd7 12. d4 e4 13. e3 a5 14. Ba3 a4 15. Nc1 Rf7 16. Ne2 Na5 17. c5 Nc4 18. Qc1 d5 19. cxb6 cxb6 20. Bb4 a3 21.
Nf4 Bb5 22. Re1 g5 23. Ne2 Nb2 24. Rxb2 axb2 25. Qxb2 Bc4 26. a3 Qb5 27. Nc1 Rfa7 28. Nb3 Kf7 29. Nd2 Bd3 30. Bh3 Kg6 31. Qc1 h5 32. f4 g4 33. Bf1 h4 34. Bxd3 Qxd3 35. Nf1 hxg3 36. hxg3 Rh7 37. Qd2 Rah8 38. Qxd3 exd3 39.
Rd1 Rh1+ 40. Kg2 Ne4 41. Rxd3 Nxg3 42. Kxg3 Rxf1 43. Rd2 Rh3+ 44. Kg2 Rff3 45. Ra2 Rxe3 46. Kf1 Rhf3+ 47. Rf2 Kh5 48. a4 g3 49. Rxf3 Rxf3+ 50. Kg2 Kg4 51. c4 Rf2+ 52. Kg1 Kf3 0-1

[Event "*** Titled Tuesday Blitz"]
[Site "Chess.com"]
[Date "2020.11.10"]
[Round "2"]
[White "davigator"]
[Black "kingofthenil"]
[Result "0-1"]
[WhiteElo "2387"]
[BlackElo "2676"]
[TimeControl "180+1"]
[EndTime "10:20:13 PST"]
[Termination "kingofthenil won by resignation"]

1. e4 Nc6 2. Bb5 d5 3. e5 Bf5 4. h3 e6 5. d4 f6 6. Nf3 Ne7 7. O-O a6 8. Bd3 Bg6 9. Re1 Qd7 10. c3 O-O-O 11. b4 fxe5 12. dxe5 Bxd3 13. Qxd3 Ng6 14. a4 Nce7 15. b5 a5 16. b6 cxb6 17. Be3 Qc7 18. Nbd2 Nf5 19. Bd4 Bc5 20. Nb3 Rdf8 21.
Qb5 Nf4 22. Nxc5 bxc5 23. Bxc5 Rfg8 24. Bb6 Qc6 25. Qxa5 g5 26. Nd4 Nxd4 27. cxd4 Nd3 28. Re3 Nb2 29. Bc5 Nc4 30. Qc3 g4 31. Rg3 h5 32. h4 Rf8 33. a5 Rf5 34. a6 bxa6 35. Ra2 Kd7 36. Qc2 Rb8 37. Rb3 Rxb3 38. Qxb3 Qb5 39. Qxb5+ axb5 40. Ra7+ Kc6 41. Re7 Rf4 42. Rxe6+ Kc7 43. g3 Re4 44. Re7+ Kc6 45. Re8 b4 46.
Rb8 Re1+ 47. Kg2 b3 48. Rxb3 Nd2 49. Rd3 Nf3 50. Rxf3 gxf3+ 51. Kxf3 Re4 52. Kg2 Kd7 53. f3 Re2+ 54. Kh3 Re3 55. f4 Ke6 56. Be7 Kxe7 57. f5 Re4 58. Kg2 Rxd4 59. Kf3 Re4 60. e6 Kf6 61. g4 Rxg4 0-1

[Event "*** Titled Tuesday Blitz"]
[Site "Chess.com"]
[Date "2020.11.10"]
[Round "2"]
[White "cottage_cheese"]
[Black "KetiGrant"]
[Result "0-1"]
[WhiteElo "2149"]
[BlackElo "2402"]
[TimeControl "180+1"]
[EndTime "10:20:13 PST"]
[Termination "KetiGrant won on time"]

1. e4 c5 2. Nf3 Nc6 3. Bb5 g6 4. Bxc6 dxc6 5. d3 Bg7 6. h3 e5 7.
Be3 b6 8. a4 a5 9. Nbd2 Qc7 10.
Nc4 Ba6 11. Qd2 O-O-O 12. Qc3 f5 13. Qb3 Bxc4 14. Qxc4 f4 15. Bd2 Nf6 16. Ng5 Rd7 17. Ne6 Qb7 18. Bc3 Re8 19. Bxe5 Bh8 20. Bc3 Rde7 21.
Nxf4 Nxe4 22. O-O Nxc3 23. bxc3 Be5 24. Ne2 Bb8 25. Ng3 h5 26. Ne4 g5 27. Rab1 Qc7 28.
Qa6+ Kd8 29. g3 Ba7 30. Rfe1 h4 31. Kg2 hxg3 32. fxg3 g4 33. hxg4 Rh8 34. Qc4 Reh7 0-1

[Event "*** Titled Tuesday Blitz"]
[Site "Chess.com"]
[Date "2020.11.10"]
[Round "2"]
[White "Nikolaj_6"]
[Black "hansen"]
[Result "1-0"]
[WhiteElo "2590"]
[BlackElo "2897"]
[TimeControl "180+1"]
[EndTime "10:20:14 PST"]
[Termination "Nikolaj_6 won by resignation"]

1. e4 c5 2. Nf3 e6 3. d4 cxd4 4.
Nxd4 a6 5. Nc3 Qc7 6. Bd3 Nc6 7.
Nxc6 dxc6 8. O-O e5 9. f4 Nf6 10. Qe1 Bd6 11. Kh1 Be6 12. f5 Bc8 13. a4 a5 14. Be3 Qe7 15. Nb1 Bc5 16. Nd2 Bxe3 17. Qxe3 O-O 18. Nc4 Nd7 19. Nb6 Nxb6 20. Qxb6 Qb4 21.
Qe3 f6 22. b3 Bd7 23. Bc4+ Kh8 24. Rad1 Rfd8 25. c3 Qe7 26. Qb6 Be8 27. h3 g6 28.
Be6 gxf5 29. Bxf5 Bf7 30. b4 axb4 31. cxb4 Bb3 32. Rxd8+ Rxd8 33. a5 Bc4 34. Rc1 Bb5 35. Qe3 Qxb4 36. Qh6 Qe7 37. Rc3 Qg7 38. Qh4 Be2 39.
Rg3 Qe7 40. Bxh7 1-0

[Event "*** Titled Tuesday Blitz"]
[Site "Chess.com"]
[Date "2020.11.10"]
[Round "2"]
[White "Papa12341234"]
[Black "ChristopherYoo"]
[Result "0-1"]
[WhiteElo "2556"]
[BlackElo "2860"]
[TimeControl "180+1"]
[EndTime "10:20:14 PST"]
[Termination "ChristopherYoo won by resignation"]

1. e4 c5 2. Nf3 e6 3. d4 cxd4 4. Nxd4 Nf6 5. Nc3 Nc6 6. Ndb5 Bc5 7. Nd6+ Ke7 8. Nxc8+ Rxc8 9. Bd3 Re8 10. O-O Kf8 11.
a3 h6 12. Kh1 d5 13. exd5 Nxd5 14. Ne4 Be7 15. c4 Nf6 16. Nxf6 Bxf6 17. Be4 Qxd1 18. Rxd1 Na5 19. Be3 b6 20. c5 bxc5 21. Rab1 Nc4 22. Bc1 Red8 23. Rxd8+ Rxd8 24. Bc2 Bg5 25. b3 Bxc1 26. bxc4 Bxa3 27. Rd1 Rb8 28. Rb1 Bb4 29.
Kg1 a5 30. Kf1 Ke7 31. Ke2 Kf6 32.
f4 g5 33. Rf1 Ke7 34. Ke3 gxf4+ 35. Kxf4 Bd2+ 36. Kf3 Rb2 37. Bd3 Bc3 38. Rb1 Rd2 39. Be2 f5 40. Rb8 e5 41. Rh8 e4+ 42. Ke3 Rxe2+ 43.
Kxe2 Bxh8 0-1

[Event "*** Titled Tuesday Blitz"]
[Site "Chess.com"]
[Date "2020.11.10"]
[Round "2"]
[White "Vsevolod_Ovchinnikov"]
[Black "DrVelja"]
[Result "0-1"]
[WhiteElo "2522"]
[BlackElo "2758"]
[TimeControl "180+1"]
[EndTime "10:20:14 PST"]
[Termination "DrVelja won on time"]

1. d4 Nf6 2. c4 g6 3. Nc3 d5 4. Nf3 Bg7 5. h4 dxc4 6. e4 c5 7. d5 b5 8. h5 O-O 9. hxg6 fxg6 10.
Bh6 Bxh6 11. Rxh6 b4 12. Na4 Nxe4 13. Bxc4 Nd6 14. Bd3 Kg7 15. Rh4 e5 16. Qd2 h5 17.
Bxg6 Rxf3 18. Rxh5 Rf4 19. g3 Kxg6 20. gxf4 Kxh5 21.
O-O-O Kg6 22. Rg1+ Kf7 23. fxe5 Nf5 24. e6+ Kf8 25.
Nxc5 Qc7 26. Qc2 Qf4+ 27. Kb1 Ba6 28. a3 b3 29. Qxb3 Qxf2 30. Rg5 Nd4 0-1

[Event "*** Titled Tuesday Blitz"]
[Site "Chess.com"]
[Date "2020.11.10"]
[Round "2"]
[White "woodhy"]
[Black "ViktoriyaTarasova"]
[Result "0-1"]
[WhiteElo "2429"]
[BlackElo "2259"]
[TimeControl "180+1"]
[EndTime "10:20:14 PST"]
[Termination "ViktoriyaTarasova won by resignation"]

1. e4 e5 2. Nf3 Nc6 3. Bb5 Nf6 4. O-O Nxe4 5. Re1 Nd6 6. Nxe5 Nxe5 7. Rxe5+ Be7 8.
Bf1 O-O 9. d4 Ne8 10. c3 d5 11.
Nd2 Bd6 12. Re1 Bf5 13. g3 Nf6 14. Bg2 c6 15. Qb3 Qc7 16. Nf3 Rfe8 17. Bg5 Ne4 18.
Be3 a5 19. a4 h6 20. Nd2 Re7 21. Nxe4 Bxe4 22. f3 Bh7 23. Kf2 Rae8 24. Bd2 Bd3 25. Rxe7 Rxe7 26. Re1 h5 27. Rxe7 Qxe7 28. Qd1 h4 29.
Bc1 hxg3+ 30. hxg3 Qc7 31. Qxd3 Bxg3+ 32. Kf1 g6 33. Be3 Qb6 34. Qe2 Qd8 35. Bf2 Bd6 36.
Bh3 Kg7 37. Qe1 Qg5 38. Bg2 Qf4 39. Qe3 Qh2 40. Bg1 Qh5 41. Bf2 Qf5 42. Qe2 Qb1+ 43. Be1 Bg3 44. Bh3 Bxe1 45. Qxe1 Qxb2 46. Bc8 b5 47. axb5 Qxb5+ 48. Qe2 Qb1+ 49. Kf2 a4 50.
Qe5+ Kh7 51. Qf6 Qb2+ 52. Kg3 Qxc3 53. Qxf7+ Kh6 54. Qf8+ Kh7 55. Be6 Qe1+ 56. Kg4 Qxe6+ 57. Kg3 Qe1+ 58. Kg4 Qg1+ 59. Kh3 Qxd4 60. Qe7+ Qg7 61. Kg3 Qxe7 0-1

[Event "*** Titled Tuesday Blitz"]
[Site "Chess.com"]
[Date "2020.11.10"]
[Round "2"]
[White "gumimis"]
[Black "andriipalchuk"]
[Result "0-1"]
[WhiteElo "2219"]
[BlackElo "2434"]
[TimeControl "180+1"]
[EndTime "10:20:14 PST"]
[Termination "andriipalchuk won on time"]

1. e4 e5 2. Nf3 Nc6 3. Bb5 a6 4. Ba4 Nf6 5. O-O Nxe4 6. d4 b5 7. Bb3 d5 8. dxe5 Be6 9. c3 Bc5 10. Qe2 O-O 11. Be3 Bg4 12. Rd1 Bxf3 13. gxf3 Bxe3 14.
Qxe3 Qg5+ 15. Qxg5 Nxg5 16. Bxd5 Rad8 17. Na3 Nxe5 18. Kg2 Ng6 19. Bb7 Rb8 20. Bxa6 c6 21. c4 b4 22. Nc2 Rb6 23. c5 Rxa6 24. Nxb4 Raa8 25. Nxc6 Rac8 26. Nd4 Rxc5 27. a4 Rb8 28. Nb5 Nh4+ 29. Kh1 Ngxf3 30. b4 Rh5 31. a5 Rhxb5 32.
a6 h6 33. a7 Ra8 0-1

[Event "*** Titled Tuesday Blitz"]
[Site "Chess.com"]
[Date "2020.11.10"]
[Round "2"]
[White "elohunter1999"]
[Black "BogdanDeac"]
[Result "1-0"]
[WhiteElo "2550"]
[BlackElo "2794"]
[TimeControl "180+1"]
[EndTime "10:20:15 PST"]
[Termination "elohunter1999 won on time"]

1. e4 e5 2. Nf3 Nc6 3. Bc4 Nf6 4.
d3 Bc5 5. c3 d6 6. O-O a6 7. a4 O-O 8. Re1 Ba7 9. h3 b5 10. Bb3 b4 11. a5 Rb8 12. Nbd2 Be6 13. Bxe6 fxe6 14. Nc4 Rb5 15. Be3 Qb8 16. Bxa7 Qxa7 17. d4 Nd7 18. Re2 Rxf3 19. gxf3 exd4 20. cxd4 Qxd4 21. Qxd4 Nxd4 22. Kf1 Rc5 23. Ne3 Nxe2 24.
Kxe2 Ne5 25. f4 Nc6 26. Kd3 Kf8 27. f5 Ke7 28. fxe6 Kxe6 29. Nd5 Kd7 30. f4 Rxa5 31. Rg1 g6 32. h4 Ne7 33. Nf6+ Kd8 34. Nxh7 Rh5 35.
Nf8 Rxh4 36. Kc4 1-0

[Event "*** Titled Tuesday Blitz"]
[Site "Chess.com"]
[Date "2020.11.10"]
[Round "2"]
[White "GMKrikor"]
[Black "Unknown_IM"]
[Result "0-1"]
[WhiteElo "2795"]
[BlackElo "2351"]
[TimeControl "180+1"]
[EndTime "10:20:16 PST"]
[Termination "Unknown_IM won by resignation"]

1. e4 e5 2. Bc4 Nc6 3. Nc3 Bc5 4. Qg4 Kf8 5. Qg3 Nf6 6. d3 h6 7. Be3 Bb6 8. Nge2 d6 9. O-O g5 10. Rad1 Nh5 11. Qf3 Nf4 12. Bxf4 gxf4 13. Qh5 Qf6 14. Nd5 Qg6 15. Qxg6 fxg6 16. c3 f3 17. gxf3 Bh3 18. Rfe1 g5 19. d4 Kg7 20. b4 Rhf8 21. a4 a5 22. b5 Nd8 23. Nxb6 cxb6 24. dxe5 dxe5 25. Rd6 Rxf3 26. Rxb6 Rc8 27. Bd5 Rc7 28. Rd6 Nf7 29. Rb6 Nd8 30. c4 Ra3 31. Rd6 Nf7 32. b6 Rxc4 33.
Rxh6 Nxh6 34. Bxc4 Rxa4 35. Bd5 Rb4 36. Rc1 Rxb6 37.
Ng3 a4 38. f3 a3 39. Rc7+ Kg6 40.
Rc8 Bxc8 0-1

[Event "*** Titled Tuesday Blitz"]
[Site "Chess.com"]
[Date "2020.11.10"]
[Round "2"]
[White "jens1102"]
[Black "horripile"]
[Result "0-1"]
[WhiteElo "2367"]
[BlackElo "2670"]
[TimeControl "180+1"]
[EndTime "10:20:17 PST"]
[Termination "horripile won by resignation"]

1. c4 c5 2. Nf3 g6 3. Nc3 Bg7 4. e3 Nf6 5. d4 cxd4 6. exd4 d5 7. cxd5 O-O 8. Bc4 Nbd7 9. O-O Nb6 10. Bb3 Nbxd5 11. Bg5 b6 12. Nxd5 Nxd5 13. Re1 Bb7 14. Rc1 Re8 15. Qd2 a6 16. a3 Qd6 17. Bh4 Rac8 18. Bg3 Qd8 19. Rxc8 Qxc8 20. Be5 e6 21. Bxg7 Kxg7 22. Rc1 Qd8 23. Ne5 Nf6 24. f3 Qb8 25. Qg5 Rc8 26. Re1 Qd6 27. Nxf7 Qxd4+ 28. Kh1 Kxf7 29.
Bxe6+ Kg7 30. Bxc8 Bxc8 31. Qe5 Qxe5 32. Rxe5 Kf7 33. Kg1 Be6 34. Kf2 h5 35. h4 Ke7 36.
Re1 Kd6 37. Rd1+ Nd5 38. Rc1 a5 39. g3 b5 40. Rg1 Nf6 41. Ke3 Ke5 42. Rc1 Nd5+ 43.
Kf2 Kd6 44. Rg1 Nb6 45. g4 Bf7 46. gxh5 gxh5 47. Rg7 Ke7 48. Rg5 Be8 49. Re5+ Kd8 50. f4 Nc4 51. Rd5+ Ke7 52. b4 a4 53. Rd3 Bg6 54.
Rg3 Kf6 55. Ke2 Bf7 56. Kd1 Be6 57. Kc2 Bg4 58. Rd3 Bf5 59. Kc3 Bxd3 0-1

[Event "*** Titled Tuesday Blitz"]
[Site "Chess.com"]
[Date "2020.11.10"]
[Round "2"]
[White "petrkostenko"]
[Black "BikingBrian"]
[Result "1-0"]
[WhiteElo "2467"]
[BlackElo "2268"]
[TimeControl "180+1"]
[EndTime "10:20:17 PST"]
[Termination "petrkostenko won by resignation"]

1. e4 c5 2. Nf3 g6 3. c3 Bg7 4. d4 cxd4 5. cxd4 d5 6. e5 Bg4 7.
Nbd2 Nc6 8. h3 Bxf3 9. Nxf3 e6 10. Bd3 Nge7 11. O-O O-O 12. Be3 Qb6 13. Qd2 f6 14.
Rfe1 f5 15. Rad1 f4 16. Bxf4 Nxd4 17. Nxd4 Qxd4 18. Bg3 Nc6 19. Qe2 Qb4 20. a3 Qe7 21. Bb1 Na5 22. h4 Rac8 23. Qg4 Rc4 24. f4 Qf7 25. Bd3 Rcc8 26. Rf1 Nc4 27. Qe2 Qe7 28.
Be1 Qc5+ 29. Kh2 Ne3 30. Bf2 d4 31. Bxe3 dxe3 32. g3 Rfd8 33. Kh3 Rd5 34. h5 Rcd8 35.
hxg6 hxg6 36. Rc1 Qe7 37. Bxg6 Bf8 38. Qh5 Qg7 39. Rce1 Qh6 40. Rxe3 Rd2 41. Qxh6 Bxh6 42.
Rb3 R8d7 43. Be4 b6 44. Rff3 Bf8 45. Rfd3 R2xd3 46. Rxd3 Rxd3 47. Bxd3 Bc5 48. Bc4 Bd4 49.
Bxe6+ Kf8 50. b3 Ke7 51. Bc4 Bb2 52. a4 a5 53. Kg4 Bc1 54. Kf5 Be3 55. g4 Bf2 56. g5 Bh4 57. g6 1-0

[Event "*** Titled Tuesday Blitz"]
[Site "Chess.com"]
[Date "2020.11.10"]
[Round "2"]
[White "KacperPolOK"]
[Black "Kazmin_Dmitrij"]
[Result "1-0"]
[WhiteElo "2462"]
[BlackElo "2264"]
[TimeControl "180+1"]
[EndTime "10:20:17 PST"]
[Termination "KacperPolOK won on time"]

1. e4 e5 2. Nf3 d6 3. d4 exd4 4.
Nxd4 Nf6 5. Nc3 Be7 6. Be3 O-O 7.
f3 Re8 8. Bc4 c6 9. O-O Bf8 10. Qd2 Nbd7 11. a4 Ne5 12. Bb3 d5 13. exd5 Nxd5 14. Nxd5 cxd5 15. Rfe1 Nc4 16. Bxc4 dxc4 17.
Nb5 Bd7 18. Rad1 Bxb5 19. axb5 Qf6 20. Qd4 Qg6 21. Qxc4 Rec8 22. Qd3 Rxc2 23. Qxg6 hxg6 24. Rd2 Rc7 25. Ra1 Be7 26. Rxa7 Rxa7 27. Bxa7 Bc5+ 28.
Bxc5 Rxc5 29. Kf2 Rxb5 30. Ke3 Rb4 31. Kd3 f6 32. Kc3 Rb6 33. Rd7 Kh7 34. b4 g5 35.
g4 Kg6 36. Kc4 f5 37. b5 fxg4 38. fxg4 Re6 39. h3 Re3 40. Kc5 1-0

[Event "*** Titled Tuesday Blitz"]
[Site "Chess.com"]
[Date "2020.11.10"]
[Round "2"]
[White "Goryachkina"]
[Black "queen_iryna"]
[Result "1-0"]
[WhiteElo "2593"]
[BlackElo "2272"]
[TimeControl "180+1"]
[EndTime "10:20:18 PST"]
[Termination "Goryachkina won by resignation"]

1. e4 d6 2. d4 Nf6 3. Nc3 e5 4. Nf3 Nbd7 5. Bc4 Be7 6. O-O O-O 7. a4 c6 8. Re1 h6 9. h3 Re8 10. Ba2 Bf8 11. Nh4 exd4 12. Qxd4 d5 13. Nf5 Bc5 14.
Qd1 dxe4 15. Bxh6 gxh6 16. Nxh6+ Kg7 17. Nxf7 Qb6 18. Nxe4 Rxe4 19. Rxe4 Nxe4 20. Qg4+ Kf8 21. Qxe4 Bxf2+ 22. Kh1 Nf6 23. Qg6 Nd5 24. Ng5 Ke7 25.
Rf1 Bd7 26. Qf7+ Kd6 27. Rxf2 Qxb2 28. Bxd5 cxd5 29. Rf6+ Kc7 30. Ne6+ Kc6 31. Nf8+ Kc5 32. Nxd7+ Kb4 33. Rf4+ Ka3 34. Rf3+ Kxa4 35. Qxd5 Qc1+ 36.
Kh2 Re8 37. Nc5+ Kb5 38. Nd3+ 1-0

[Event "*** Titled Tuesday Blitz"]
[Site "Chess.com"]
[Date "2020.11.10"]
[Round "2"]
[White "Ariadna_Atreides"]
[Black "KononenkoD"]
[Result "0-1"]
[WhiteElo "2100"]
[BlackElo "2620"]
[TimeControl "180+1"]
[EndTime "10:20:20 PST"]
[Termination "KononenkoD won on time"]

1. d4 Nf6 2. Nf3 g6 3. c3 c5 4. g3 cxd4 5. cxd4 d6 6. Bg2 Bg7 7. O-O Nc6 8. Nc3 Bd7 9. d5 Na5 10.
Qd3 b6 11. e4 Nb7 12. Be3 O-O 13. b4 Ng4 14. Bd4 Ne5 15. Nxe5 dxe5 16. Be3 Nd6 17. f4 Rc8 18. fxe5 Bxe5 19. Bd4 Bxd4+ 20. Qxd4 Rc4 21. Qd3 Rxb4 22. e5 Nb5 23. e6 Rd4 24. exf7+ Rxf7 25. Qe3 Rxf1+ 26. Rxf1 Nxc3 27. Qxc3 e5 28. Qa3 Bf5 29. Qxa7 Rd2 30. a4 Rxg2+ 31. Kxg2 Qxd5+ 32. Kg1 Qc5+ 33. Rf2 e4 34. Qb8+ Kg7 35. Qb7+ Kh6 36.
Qf7 e3 37. Rf1 e2+ 0-1

[Event "*** Titled Tuesday Blitz"]
[Site "Chess.com"]
[Date "2020.11.10"]
[Round "2"]
[White "Chamal_Gedgafov"]
[Black "lider34"]
[Result "0-1"]
[WhiteElo "2147"]
[BlackElo "2401"]
[TimeControl "180+1"]
[EndTime "10:20:21 PST"]
[Termination "lider34 won by resignation"]

1. d4 g6 2. c4 Bg7 3. e4 d6 4. Nc3 Nf6 5. Nf3 O-O 6. Be2 e5 7.
d5 a5 8. Be3 Ng4 9. Bg5 f6 10.
Bh4 Na6 11. Nd2 h5 12. Bxg4 Bxg4 13. f3 Bd7 14. O-O Nc5 15. b3 Qe8 16. Qc2 f5 17. a3 f4 18. b4 axb4 19. axb4 Na6 20. Rab1 Bh6 21. Bf2 b6 22. Qd3 g5 23. Nb5 g4 24.
Bh4 Kh8 25. Rfc1 Rg8 26. Kh1 Qg6 27. Rg1 Bg5 28. Bf2 g3 29. hxg3 fxg3 30. Be3 Bxe3 31.
Qxe3 Qf6 32. Rgc1 Qh4+ 33. Kg1 Qh2+ 34. Kf1 Qh1+ 35. Ke2 Qxg2+ 36. Kd3 Rg6 37. Rh1 Kg7 38. Kc3 Qf2 39. Qxf2 gxf2 40. Rh2 Rh8 41. Rxf2 h4 42.
Rh1 h3 43. Rfh2 Rg2 44. Rxh3 Rxh3 45. Rxh3 Bxh3 0-1

[Event "*** Titled Tuesday Blitz"]
[Site "Chess.com"]
[Date "2020.11.10"]
[Round "2"]
[White "julinha97"]
[Black "guillembaches"]
[Result "1-0"]
[WhiteElo "2179"]
[BlackElo "2389"]
[TimeControl "180+1"]
[EndTime "10:20:22 PST"]
[Termination "julinha97 won by resignation"]

1. e4 c5 2. Nf3 d6 3. d4 cxd4 4. Nxd4 Nf6 5. Nc3 a6 6. a3 e5 7.
Nf5 d5 8. Bg5 d4 9. Bxf6 gxf6 10.
Nb1 Bxf5 11. exf5 Qd5 12. Nd2 Bh6 13. f3 Be3 14. Ne4 Nd7 15. c4 Qc6 16. b4 O-O 17.
Bd3 Kh8 18. Ke2 Rg8 19. g4 a5 20. h4 axb4 21. axb4 Qb6 22. Qb3 Bf4 23. c5 Qc7 24.
Qxf7 Raf8 25. Qd5 Rd8 26. Ra7 Rb8 27. Nd6 e4 28. Bxe4 d3+ 29. Bxd3 Bxd6 30. Qxd6 Rge8+ 31. Be4 Qxd6 32. cxd6 Ne5 33. Rd1 Rbd8 34. Rxb7 Nxg4 35. d7 Re7 36. fxg4 Rxe4+ 37. Kf3 Re7 38. Rc7 Kg7 39. b5 Re5 40. Rc8 Rxd7 41. Rxd7+ Kh6 42.
g5+ fxg5 43. hxg5+ Kxg5 44. Rg8+ Kxf5 45. Rf7+ Ke6 46.
Re8+ Kxf7 47. Rxe5 1-0

[Event "*** Titled Tuesday Blitz"]
[Site "Chess.com"]
[Date "2020.11.10"]
[Round "2"]
[White "Obito24"]
[Black "TigrVShlyape"]
[Result "1-0"]
[WhiteElo "2577"]
[BlackElo "2853"]
[TimeControl "180+1"]
[EndTime "10:20:23 PST"]
[Termination "Obito24 won on time"]

1. d4 Nf6 2. c4 g6 3. Nc3 d6 4. Nf3 Bg7 5. e4 O-O 6. Be2 e5 7. O-O Nc6 8. d5 Ne7 9. b4 Ne8 10. Ne1 f5 11. Nd3 a5 12. Ba3 axb4 13. Bxb4 c5 14.
dxc6 Nxc6 15. a4 Nxb4 16. Nxb4 Be6 17. Nbd5 Rf7 18. Qb3 f4 19. f3 g5 20. c5 dxc5 21.
Bc4 Kh8 22. Rfd1 Rd7 23. Nb6 Bxc4 24. Nxc4 Rb8 25. a5 h5 26. a6 Rd4 27. a7 Ra8 28. Qxb7 Nc7 29. Nb6 g4 30. Nxa8 Nxa8 31. Qb8 Bf6 32.
Nd5 Bg5 33. Rxd4 cxd4 34. Rb1 d3 35. Qxd8+ Bxd8 36. Rb8 d2 37. Rxd8+ Kg7 38. Nc3 1-0

[Event "*** Titled Tuesday Blitz"]
[Site "Chess.com"]
[Date "2020.11.10"]
[Round "2"]
[White "SVV65"]
[Black "smshk35"]
[Result "0-1"]
[WhiteElo "2214"]
[BlackElo "2429"]
[TimeControl "180+1"]
[EndTime "10:20:23 PST"]
[Termination "smshk35 won by resignation"]

1. d4 Nf6 2. Nf3 g6 3. c4 Bg7 4. Nc3 c5 5. e4 cxd4 6. Nxd4 Nc6 7. Be3 O-O 8. f3 d6 9. Be2 a5 10. Qd2 a4 11. Rc1 Qa5 12. O-O Bd7 13. Rfd1 Rfc8 14. Ndb5 Ne5 15. b3 axb3 16. axb3 Qb4 17. Nd5 Nxd5 18.
exd5 Qxd2 19. Bxd2 Bxb5 20. cxb5 f5 21. Bg5 Kf7 22.
h3 h6 23. Be3 g5 24. b6 f4 25.
Bf2 Nd7 26. Rc7 Rxc7 27. bxc7 Rc8 28. Rc1 Bb2 29. Rc4 Ba3 30. b4 Ne5 31. Rc2 Bxb4 32. Ba7 Bc5+ 33. Bxc5 Rxc7 34. Rd2 Rxc5 35. Kf2 Nc4 36.
Rd4 Ne3 37. Bd3 Kf6 38. g3 Rxd5 39. Rxd5 Nxd5 40. Be4 Ke5 41. gxf4+ gxf4 42. h4 b5 43. Ke2 Nc3+ 44. Kd3 Nxe4 45. fxe4 b4 46. Kc4 f3 47. Kxb4 f2 48. Kc3 f1=Q 49. Kd2 Qf4+ 0-1

[Event "*** Titled Tuesday Blitz"]
[Site "Chess.com"]
[Date "2020.11.10"]
[Round "2"]
[White "Flopezin"]
[Black "janumber1"]
[Result "1-0"]
[WhiteElo "2399"]
[BlackElo "2132"]
[TimeControl "180+1"]
[EndTime "10:20:23 PST"]
[Termination "Flopezin won on time"]

1. c4 e5 2. Nc3 Nf6 3. Nf3 Nc6 4. e4 Bc5 5. Nxe5 Nxe5 6. d4 Bd6 7. c5 Ng6 8. cxd6 cxd6 9. Bc4 O-O 10. O-O Re8 11.
Re1 a6 12. a4 b6 13. Qb3 d5 14. Nxd5 Nxe4 15. Nxb6 d5 16. Bxd5 Nd6 17. Bd2 Rb8 18. a5 Bb7 19. Rxe8+ Qxe8 20. Re1 Qd8 21. Bb4 Bxd5 22.
Qxd5 Nb5 23. Qxd8+ Rxd8 24. d5 h5 25. g3 h4 26. Kg2 hxg3 27. hxg3 f5 28. f4 Kf7 29.
Kf3 Nd6 30. Bxd6 Rxd6 31. Ke3 Nf8 32. Kd4 Nd7 33. Nc4 Rg6 34. Re3 Rg4 35. b4 g5 36.
Nd6+ Kf8 37. Rf3 gxf4 38. Rxf4 1-0

[Event "*** Titled Tuesday Blitz"]
[Site "Chess.com"]
[Date "2020.11.10"]
[Round "2"]
[White "dopolian"]
[Black "zurzan"]
[Result "1-0"]
[WhiteElo "2373"]
[BlackElo "2037"]
[TimeControl "180+1"]
[EndTime "10:20:23 PST"]
[Termination "dopolian won by resignation"]

1. c4 f5 2. Nc3 Nf6 3. d3 g6 4.
g3 Bg7 5. f4 O-O 6. Bg2 c6 7.
e4 fxe4 8. dxe4 d6 9. Nge2 e5 10. O-O Bg4 11. Be3 Qc7 12. Qd2 Nbd7 13. Rad1 exf4 14.
gxf4 Bxe2 15. Nxe2 Ng4 16. Bd4 Ndf6 17. h3 Nh6 18.
Ng3 Rad8 19. Qe3 b6 20. b3 Rfe8 21. Qd3 Nf7 22. Rde1 d5 23. cxd5 cxd5 24. e5 Ne4 25. Nxe4 dxe4 26. Qxe4 Nd6 27. Qe2 Kh8 28. Kh2 Nf5 29.
Bf2 Qd7 30. Rd1 Qe6 31. Rxd8 Rxd8 32. Rd1 Rxd1 33. Qxd1 g5 34. Qd8+ Qg8 35. Qxg8+ Kxg8 36. Be4 Ne7 37. fxg5 Bxe5+ 38. Bg3 Bxg3+ 39. Kxg3 Kf7 40. Kf4 h6 41. gxh6 Kg8 42. h7+ Kh8 43. Ke5 Nc8 44.
Bf5 Ne7 45. Bd3 a5 46. Kd6 Nc8+ 47. Kc7 Na7 48. Kxb6 a4 49. Kxa7 axb3 50. axb3 Kg7 51. b4 1-0

[Event "*** Titled Tuesday Blitz"]
[Site "Chess.com"]
[Date "2020.11.10"]
[Round "2"]
[White "Ladislav1969"]
[Black "Slovak_fighter2000"]
[Result "0-1"]
[WhiteElo "2277"]
[BlackElo "2474"]
[TimeControl "180+1"]
[EndTime "10:20:24 PST"]
[Termination "Slovak_fighter2000 won by resignation"]

1. e4 e6 2. d4 d5 3. e5 c5 4. c3 Nc6 5. Nf3 Qb6 6. a3 c4 7.
Nbd2 f6 8. exf6 Nxf6 9. Be2 Bd6 10. O-O O-O 11. Nh4 e5 12. dxe5 Nxe5 13. Ndf3 Nxf3+ 14. Bxf3 Be6 15. Re1 Ne4 16. Be3 Qc7 17.
g3 Rad8 18. Bxe4 dxe4 19. Qc2 Bd5 20. Rad1 Bc6 21. Rd4 Be7 22. Ng2 Rxd4 23. Bxd4 b5 24. Qe2 Qd7 25. Rd1 Qf5 26. Ne3 Qf3 27. Qxf3 exf3 28.
Bxa7 h5 29. h4 Re8 30. Bb6 Bf8 31. Bc7 g6 32. Bf4 Be4 33. Rd7 Bd3 34. Kh2 Bc5 35. Rd5 Bxe3 36. Bxe3 Rxe3 37. Rxb5 Re2 38. Rb8+ Kf7 39.
Rb7+ Kf6 40. Rb6+ Ke7 41. Kg1 Re1+ 42. Kh2 Rf1 43. g4 Rxf2+ 44. Kg3 Rg2+ 45. Kxf3 Rxg4 46. a4 Rxh4 47. a5 Rh1 48. a6 Ra1 49. Rb7+ Kd6 50. a7 Kc6 51. Rb8 Rxa7 0-1